 Dungeon Crawl Stone Soup version 0.27-a0-1456-gf5a116941d (webtiles) character file.

Game seed: 17198437515757132697

76 Kinoniko the Chopper (level 4, -1/42 HPs)
             Began as a Gargoyle Berserker on July 6, 2021.
             Was a Believer of Trog.
             Slain by a gnoll (3 damage)
             ... on level 6 of the Dungeon.
             The game lasted 00:02:08 (2433 turns).

Kinoniko the Chopper (Gargoyle Berserker)           Turns: 2433, Time: 00:02:08

Health: -1/42      AC:  9    Str: 22    XL:     4   Next: 32%
Magic:  4/4        EV: 11    Int:  7    God:    Trog [**....]
Gold:   131        SH:  0    Dex:  9    Spells: 3/3 levels left

rFire    . . .     SeeInvis .   a - +0 hand axe
rCold    . . .     Faith    .   (no shield)
rNeg     + . .     Spirit   .   g - +0 ring mail
rPois    ∞         Reflect  .   (no helmet)
rElec    +         Harm     .   (no cloak)
rCorr    .         Rampage  .   (no gloves)
Will     .....                  (no boots)
Stlth    ..........             (no amulet)
HPRegen  0.14/turn              (no ring)
MPRegen  0.09/turn              (no ring)

@: berserking (expiring), very quick
A: sickness immunity, AC +3, negative energy resistance 1, electricity
resistance, torment resistance 1, petrification resistance
a: Renounce Religion, Berserk, Trog's Hand


You were on level 6 of the Dungeon.
You worshipped Trog.
Trog was pleased with you.
You visited 1 branch of the dungeon, and saw 4 of its levels.

You collected 131 gold pieces.

Inventory:

Hand Weapons
 a - a +0 hand axe (weapon)
Armour
 b - a +0 animal skin
 g - a +0 ring mail (worn)
Scrolls
 c - 3 scrolls of identify {unknown}
 i - a scroll of fear {unknown}
 j - a scroll of noise {unknown}
 k - a scroll of enchant weapon {unknown}
 l - a scroll of amnesia {unknown}
 m - 2 scrolls of teleportation {unknown}
Potions
 d - a potion of might {unknown}
 e - a potion of degeneration {unknown}
 f - a potion of heal wounds {unknown}
 h - a potion of attraction {unknown}


   Skills:
 - Level 3.2 Fighting
 * Level 4.5 Axes
 - Level 2.1 Armour
 - Level 1.5 Dodging


You had 3 spell levels left.
You didn't know any spells.
Your spell library contained the following spells:

 Spells                   Type           Power      Damage    Failure   Level
 Sting                    Tmut/Pois      0%         1d3       58%         1
 Poisonous Vapours        Pois/Air       0%         N/A       75%         2
 Mephitic Cloud           Conj/Pois/Air  0%         N/A       92%         3
 Swiftness                Air            0%         N/A       92%         3
 Olgreb's Toxic Radiance  Pois           0%         N/A       100%        4
 Petrify                  Tmut/Erth      0%         N/A       100%        4
 Freezing Cloud           Conj/Ice/Air   0%         6-21      100%        5
 Maxwell's Capacitive Co  Air            0%         ∞         100%        8


Dungeon Overview and Level Annotations

Branches:
Dungeon (3/15)

Altars:
Makhleb


Innate Abilities, Weirdness & Mutations

You are immune to sickness and miasma.
Your stone body is resilient. (AC +3)
You are immune to poison.
You resist negative energy. (rN+)
You are resistant to electric shocks. (rElec)
You are resistant to unholy torment.
You are immune to petrification.


Message History

The gnoll is heavily wounded.
You closely miss the gnoll shaman. You completely miss the gnoll.
The gnoll is heavily wounded.
You barely miss the gnoll shaman.
The gnoll hits you from afar with a +0 halberd.
The gnoll misses you.
You are too injured to fight recklessly!
You are too injured to fight recklessly!
You hit the gnoll shaman.
The gnoll shaman is lightly wounded.
You closely miss the gnoll.
The gnoll hits you but does no damage. x2
The gnoll closely misses you.
You barely miss the gnoll shaman.
The gnoll shaman is lightly wounded.
You barely miss the gnoll. The gnoll shaman barely misses you.
The gnoll hits you but does no damage.
The gnoll hits you from afar with a +0 halberd.
The gnoll hits you but does no damage.
You closely miss the gnoll shaman.
The gnoll shaman is lightly wounded.
You slash the gnoll!
You kill the gnoll!
Trog accepts your kill.
You have reached level 4!
You feel stronger. The gnoll hits you with a +0 halberd!
* * * LOW HITPOINT WARNING * * *
The gnoll hits you from afar with a +0 halberd.
* * * LOW HITPOINT WARNING * * *
The gnoll hits you but does no damage. The gnoll completely misses you.
You slash the gnoll!
You kill the gnoll!
Trog accepts your kill.
You slash the gnoll shaman! You barely miss the gnoll. You slash the gnoll!
The gnoll shaman hits you with a +0 whip.
* * * LOW HITPOINT WARNING * * *
The gnoll barely misses you. The gnoll misses you.
The gnoll hits you with a +0 club.
You die...

..# ..##
... ..#####
##.......
#.
#.....###
#.
#./).....
#. #@gg..#
#.##.gs.###
#..g.###..#
#..#..#$#.#
#..#.#.#
#......#
##.#.#.#
.......#
###.#.....


You could see a gnoll shaman, a scorpion and 3 gnolls.

Vanquished Creatures
  2 gnolls (D:6)
  An adder (D:3)
  3 worms
  3 ball pythons
  3 endoplasms (D:2)
  4 goblins
  6 hobgoblins
  5 quokkas
  2 bats
  2 frilled lizards (D:1)
  5 kobolds
  2 rats
38 creatures vanquished.

Notes
Turn   | Place    | Note
-------+----------+-------------------------------------------
     0 | D:1      | Kinoniko the Gargoyle Berserker began the quest for the
                  | Orb.
     0 | D:1      | Reached XP level 1. HP: 14/14 MP: 1/1
   107 | D:1      | Found a faded altar of an unknown god.
   194 | D:1      | Reached skill level 3 in Axes
   365 | D:1      | Reached XP level 2. HP: 19/19 MP: 2/2
   460 | D:1      | Got Sif Muna's Volume of Lightness and Clay
   920 | D:2      | Reached XP level 3. HP: 20/23 MP: 3/3
  1104 | D:2      | Reached ** piety under Trog
  1557 | D:2      | Found a burning altar of Makhleb.
  1797 | D:2      | Reached skill level 4 in Axes
  2416 | D:3      | You fall into a shaft and drop 3 floors!
  2423 | D:6      | Noticed a scorpion
  2431 | D:6      | Reached XP level 4. HP: 17/28 MP: 4/4
  2432 | D:6      | HP: 2/42 [gnoll shaman (2)]
  2433 | D:6      | Slain by a gnoll

Illustrated notes

Levels and vault maps discovered:
D:1:      mrwooster_arrival_statue_3, layout_rooms,
          ebering_ecumenical_altar_box, minmay_pentomino_x2
D:2:      layout_loops_corners, basic_altar, solitary_fountain,
          chequers_serial_rivers_micro_e
D:3:      layout_loops_ring, minmay_misc_feat_alley, kennysheep_generic_room_7
D:6:      lemuel_slime, layout_loops_ring, nicolae_shop_self_help

Skill      XL: |  1  2  3 |
---------------+----------+-----
Axes           | 3 4 |  4.5
Fighting       | |  3.2
Armour         | |  2.1
Dodging        | |  1.5

Action                   |  1- 3 |  4- 6 || total
-------------------------+-------+-------++-------
Melee: Hand axe          |   153 |     1 ||   154
Invok: Berserk           |     1 |       ||     1
 Stab: Sleeping          |     1 |       ||     1
Armor: Animal skin       |     7 |       ||     7
       Ring mail         |    48 |     1 ||    49
Dodge: Dodged            |    87 |     3 ||    90

Table legend: (Time is in decaauts)
 A = Elapsed time spent in this place.
 B = Non-inter-level travel time spent in this place.
 C = Inter-level travel time spent in this place.
 D = Time resting spent in this place.
 E = Time spent auto-exploring this place.
 F = Levels seen in this place.
 G = Mean time per level.
                   A        B        C        D        E       F      G
               +--------+--------+--------+--------+--------+-----+--------+
         Total |   2449 |   2423 |     26 |      0 |   2073 |   4 |  612.2 |
       Dungeon |   2449 |   2423 |     26 |      0 |   2073 |   4 |  612.2 |
               +--------+--------+--------+--------+--------+-----+--------+

Top non-repeatable levels by time:
     D:2: 1188 daAuts
     D:1: 689 daAuts
     D:3: 556 daAuts
     D:6: 15 daAuts
